 Dungeon Crawl Stone Soup version 0.29.1-13-g9f3cf754e1 (webtiles) character file.

Game seed: 17263454687087289123

182 ChrisAssaf the Charlatan (level 5, 0/38 HPs)
             Began as a Djinni Artificer on Jan 31, 2023.
             Slain by an orc
             ... wielding a +2 dagger of venom
              (4 damage)
             ... on level 4 of the Dungeon.
             The game lasted 00:06:17 (2227 turns).

ChrisAssaf the Charlatan (Djinni Artificer)         Turns: 2227, Time: 00:06:17

Health: 0/38       AC:  3    Str: 11    XL:     5   Next: 93%
Gold:   92         EV: 12    Int: 14    God:
                   SH:  0    Dex: 14

rFire   + + .      SeeInvis .   a - +1 club (flame)
rCold   x . .      Faith    .   (no shield)
rNeg    . . .      Spirit   .   b - +0 leather armour
rPois   ∞          Reflect  .   (no helmet)
rElec   .          Harm     .   (no cloak)
rCorr   .          Rampage  .   (no gloves)
Will    .....                   (boots unavailable)
Stlth   ++........              (no amulet)
HPRegen 0.12/turn               (no ring)
MPRegen 0.00/turn               (no ring)

@: brilliant, flying
A: sickness immunity, fire resistance 2, cold vulnerability 1, float, innate
caster, HP casting, extra vitality 1
a: no special abilities


You were on level 4 of the Dungeon.
You visited 1 branch of the dungeon, and saw 4 of its levels.

You collected 92 gold pieces.

Inventory:

Hand Weapons
 a - a +1 club of flaming (weapon)
Armour
 b - a +0 leather armour (worn)
Wands
 d - a wand of charming (14)
 e - a wand of iceblast (1)
Scrolls
 f - 3 scrolls of teleportation
Potions
 i - a potion of attraction


   Skills:
 * Level 2.0 Fighting
 * Level 1.4 Maces & Flails
 * Level 2.1 Armour
 * Level 3.1 Dodging
 * Level 1.6 Stealth
 * Level 0.7 Spellcasting
 * Level 3.8 Evocations


You had 2 spell levels left.
You knew the following spells:

 Your Spells              Type           Power      Damage    Failure   Level
a - Apportation           Tloc           8%         N/A       26%         1
b - Wereblood             Tmut           4%         N/A       36%         2
Your spell library was empty.

Dungeon Overview and Level Annotations

Branches:
Dungeon (4/15)
 Temple: D:4-7

Altars:
Hepliaklqana
Okawaru


Innate Abilities, Weirdness & Mutations

You are immune to sickness and miasma.
You are immune to poison.
Your flesh is very heat resistant. (rF++)
You are vulnerable to cold. (rC-)
You float through the air rather than walking.
You learn spells naturally, not from books.
Your magical power is your life essence.
You have superior vitality. (+4 MHP)


Message History

The orc wizard hits you with a +0 dagger.
* * * LOW HITPOINT WARNING * * *
Your orc hits the orc wizard but does no damage.
The orc wizard looks as sick as possible!
The orc wizard casts a spell at you. The puff of flame misses you.
The orc wizard dies!
Your Fighting skill increases to level 2!
You see here 7 stones.
As you read the scroll of teleportation, it crumbles to dust.
You feel strangely unstable.
Your surroundings suddenly seem different.
A giant cockroach comes into view.
Found 12 gold pieces.
You see here 12 gold pieces.
You now have 92 gold pieces (gained 12).
It was a potion of brilliance.
You feel clever all of a sudden. The giant cockroach barely misses you.
The giant cockroach bites you but does no damage.
The giant cockroach bites you.
* * * LOW HITPOINT WARNING * * *
The giant cockroach attacks as you move away!
The giant cockroach bites you but does no damage.
You hit the giant cockroach. You burn the giant cockroach.
You kill the giant cockroach!
You start resting.
An orc is nearby!
An orc is nearby!
You see here a giant cockroach corpse.
Aiming: Iceblast
Press: ? - help, Shift-Dir - straight line, f - orc
Aim: an orc, wielding a +2 dagger of venom and wearing a +0 leather armour The mass of ice explodes!
The iceblast engulfs the orc.
The orc is almost dead.
Unknown command.
You hit the orc but do no damage.
The orc is almost dead.
The orc hits you with a +2 dagger of venom.
You die...

##########
.....B...#
......##.#
#####
#.########
#..@o†...#
########.#
# #.


You could see an orc.

Vanquished Creatures
  2 hounds
  Natasha (D:3)
  5 adders
  2 orcs (D:4)
  2 endoplasms (D:1)
  2 giant cockroaches
  2 goblins
  4 hobgoblins
  5 kobolds
  3 ball pythons
  A bat (D:1)
  A rat (D:1)
30 creatures vanquished.

Vanquished Creatures (collateral kills)
  An orc wizard (D:4)
1 creature vanquished.

Grand Total: 31 creatures vanquished

Notes
Turn   | Place    | Note
-------+----------+-------------------------------------------
     0 | D:1      | ChrisAssaf the Djinni Artificer began the quest for the
                  | Orb.
     0 | D:1      | Reached XP level 1. HP: 17/17 MP: 0/0
   559 | D:1      | Reached XP level 2. HP: 14/22 MP: 0/0
   951 | D:2      | Reached skill level 1 in Stealth
   992 | D:2      | Reached XP level 3. HP: 10/27 MP: 0/0
   992 | D:2      | Learned a level 1 spell: Apportation
  1284 | D:3      | Found a hazy altar of Hepliaklqana.
  1407 | D:3      | Reached XP level 4. HP: 12/32 MP: 0/0
  1408 | D:3      | Found an iron altar of Okawaru.
  1609 | D:3      | Noticed Natasha
  1612 | D:3      | Reached skill level 1 in Maces & Flails
  1617 | D:3      | Killed Natasha
  1618 | D:3      | Reached XP level 5. HP: 21/38 MP: 0/0
  1618 | D:3      | Learned a level 2 spell: Wereblood
  2181 | D:4      | HP: 1/38 [orc wizard/+0 dagger (3)]
  2227 | D:4      | Slain by an orc

Illustrated notes

Levels and vault maps discovered:
D:1:      dpeg_arrival_water_fire, layout_basic, minmay_pentomino_z2
D:2:      layout_basic, shapermc_ecumenical_altar_mp_highgroup
D:3:      layout_rooms, lemuel_tele_altar, mainiacjoe_overflow_alcove_1,
          uniq_natasha
D:4:      layout_loops_ring, makhleb_blood_cavern_becter,
          uniq_crazy_yiuf_cottage

Skill      XL: |  1  2  3  4  5 |
---------------+----------------+-----
Stealth        | 1 |  1.6
Maces & Flails | 1 |  1.4
Armour         | 2 |  2.1
Dodging        | 3 |  3.1
Fighting       | 2 |  2.0
Spellcasting   | |  0.7
Evocations     | |  3.8

Action                   |  1- 3 |  4- 6 || total
-------------------------+-------+-------++-------
Melee: Club              |    80 |    33 ||   113
 Cast: Apportation       |       |     1 ||     1
Evoke: Wand              |    11 |     9 ||    20
  Use: Scroll            |     2 |     6 ||     8
       Potion            |       |     1 ||     1
Armor: Leather armour    |    30 |     9 ||    39
Dodge: Dodged            |    76 |    35 ||   111
